 Dungeon Crawl Stone Soup version 0.22.1-6-g1668fe2 (webtiles) character file.

3223 Tiagovsky the Skirmisher (level 9, 0/78 HPs)
             Began as a Grey Draconian Fire Elementalist on Jan 28, 2019.
             Was a Follower of Sif Muna.
             Killed from afar by Erica (24 damage)
             ... with an orb of energy
             ... on level 8 of the Dungeon.
             The game lasted 00:46:18 (10042 turns).

Tiagovsky the Skirmisher (DrFE)                    Turns: 10042, Time: 00:46:19

Health: 0/78       AC: 16    Str: 10    XL:     9   Next: 66%
Magic:  1/17       EV: 12    Int: 23    God:    Sif Muna [*.....]
Gold:   457        SH:  0    Dex: 11    Spells: 2/19 levels left

rFire    + . .     SeeInvis .   q - +2 hunting sling (velocity)
rCold    . . .     Gourm    .   (no shield)
rNeg     + . .     Faith    .   (armour unavailable)
rPois    .         Spirit   .   (helmet restricted)
rElec    .         Reflect  .   s - +0 cloak
rCorr    .         Harm     .   t - +1 pair of gloves
MR       .....                  o - +0 pair of boots
Stlth    ++........             v - amulet of regeneration
HPRegen  0.63/turn              n - ring "Ilaemax" {rC+ rN+ Int+3}
MPRegen  0.15/turn              J - ring of fire

@: slowed, divine energy, very slow
A: walk through water, unfitting armour, unbreathing, cold-blooded, AC +12
a: Stop Divine Energy, Renounce Religion


You were on level 8 of the Dungeon.
You worshipped Sif Muna.
Sif Muna was aware of your devotion.
You were not hungry.

You visited 2 branches of the dungeon, and saw 9 of its levels.

You collected 457 gold pieces.

Inventory:

Hand Weapons
 e - a +0 dagger
 q - a +2 hunting sling of velocity (weapon)
Missiles
 f - 229 stones
 u - 26 sling bullets (quivered)
 y - 3 tomahawks
Armour
 i - a scarf of spirit shield
 o - a +0 pair of boots (worn)
 s - a +0 cloak (worn)
 t - a +1 pair of gloves (worn)
Magical Staves
 w - an uncursed staff of air
Jewellery
 n - the ring "Ilaemax" (left hand) {rC+ rN+ Int+3}
   (You found it on level 5 of the Dungeon)

   [ring of intelligence]

   It affects your intelligence (+3).
   It protects you from cold.
   It protects you from negative energy.
 v - an amulet of regeneration (around neck)
 B - an uncursed amulet of rage
 D - an uncursed ring of poison resistance
 J - a ring of fire (right hand)
Wands
 c - a wand of disintegration (12)
 k - a wand of iceblast (9)
 r - a wand of digging (6)
 E - a wand of paralysis (7)
Scrolls
 l - 3 scrolls of enchant weapon
 p - 5 scrolls of identify
 C - a scroll of amnesia
 F - 2 scrolls of blinking
 G - a scroll of teleportation
 I - a scroll of enchant armour
Potions
 a - a potion of magic {unknown}
 d - 3 potions of curing
 g - 2 potions of brilliance {unknown}
 h - 2 potions of lignification {unknown}
 j - a potion of flight {unknown}
 m - a potion of haste {unknown}
 z - a potion of ambrosia {unknown}
 A - 2 potions of degeneration {unknown}
 H - a potion of might {unknown}
Comestibles
 b - 10 rations


   Skills:
 + Level 6.8 Fighting
 - Level 5.0 Staves
 - Level 1.7 Dodging
 - Level 1.7 Stealth
 + Level 5.8 Spellcasting
 + Level 6.4 Conjurations
 - Level 6.0 Fire Magic
 + Level 4.1 Earth Magic


You had 2 spell levels left.
You knew the following spells:

 Your Spells              Type           Power        Failure   Level  Hunger
a - Flame Tongue          Conj/Fire      #####        1%          1    None
b - Throw Flame           Conj/Fire      ######       1%          2    None
c - Fireball              Conj/Fire      ######....   19%         5    #####..
d - Conjure Flame         Conj/Fire      ######..     1%          3    #......
e - Sandblast             Erth           ####..       1%          1    None
f - Passwall              Tmut/Erth      ###.....     5%          2    None
g - Stone Arrow           Conj/Erth      ####..       3%          3    #......

Your spell library contained the following spells:

 Spells                   Type           Power        Failure   Level  Hunger
 Magic Dart               Conj           ####         1%          1    None
 Searing Ray              Conj           #####.       1%          2    None
 Summon Small Mammal      Summ           #...         9%          1    None
 Call Imp                 Summ           #.......     13%         2    None
 Iskenderun's Mystic Bla  Conj           #####...     6%          4    ###....
 Dazzling Spray           Conj/Hex       ###...       7%          3    #......
 Sticky Flame             Conj/Fire      ######..     7%          4    ###....
 Inner Flame              Hex/Fire       ####....     8%          3    #......
 Force Lance              Conj/Tloc      ###.....     22%         4    ###....
 Fulminant Prism          Conj/Hex       ###.......   22%         4    ###....
 Call Canine Familiar     Summ           #.......     26%         3    #......
 Summon Guardian Golem    Hex/Summ       #.......     26%         3    #......
 Petrify                  Tmut/Erth      ###.....     36%         4    ###....
 Lee's Rapid Deconstruct  Erth           ####......   41%         5    #####..
 Summon Ice Beast         Ice/Summ       #.......     65%         4    ###....
 Summon Lightning Spire   Summ/Air       #.......     65%         4    ###....


Dungeon Overview and Level Annotations

Branches:
Dungeon (8/15)             Temple (1/1) D:6
   Lair: D:8-11

Altars:
Ashenzari
Cheibriados
Dithmenos
Elyvilon
Fedhas
Gozag
Hepliaklqana
Kikubaaqudgha
Makhleb
Nemelex Xobeh
Okawaru
Qazlal
Ru
Sif Muna
Trog
Uskayaw
Vehumet
Wu Jian
Xom
Yredelemnul
Zin

Shops:
D:4 !*   D:7 (

Annotations:
D:8 Erica


Innate Abilities, Weirdness & Mutations

You can walk through water.
Your dull iron-grey scales are very hard. (AC +12)
You cannot fit into any form of body armour.
You can survive without breathing.
You are cold-blooded and may be slowed by cold attacks.


Message History

The bolt of poison hits you!
You are poisoned.
You feel sick.
Casting: Flame Tongue (safe; 1% risk of failure)
Confirm with . or Enter, or press ? or * to list all spells.
Aiming: Flame Tongue (safe; 1% risk of failure)
Press: ? - help, Shift-Dir - straight line, f/p - Erica
Aim: Erica, wielding a scimitar of flaming and wearing a robe (severely You feel a surge of power!
The flame tongue hits Erica.
Erica is severely wounded.
You feel sick. Erica misses you.
You feel sick. Erica gestures at you while chanting.
The bolt of poison hits you!
You are more poisoned.
* * * LOW HITPOINT WARNING * * *
You feel better. Erica casts a spell at you. The orb of energy hits you!
You die...

######### #.......#
#.......# #.......#
#$...?(.#
#.......###########
...........@.@....#
#.......#########.#######
+..$..%..@...........>..#
#.......##########......#
######### ########......#
.....@....#.###
......##.##.# .....
#.##.# .... #.##.#


You could see Erica.

Vanquished Creatures
  Grinder (D:3)
  A wyvern (D:8)
  A hungry ghost (D:7)
  An acid dragon (D:7)
  A water moccasin (D:8)
  Duvessa (D:4)
  An orc warrior (D:6)
  An eye of draining (D:7)
  3 sky beasts
  5 ogres
  A phantom (D:4)
  2 centaurs
  A bullfrog (D:7)
  A water moccasin skeleton (D:5)
  A wyvern skeleton (D:8)
  Dowan (D:4)
  4 howler monkeys
  3 crimson imps
  A bullfrog zombie (D:5)
  A hound (D:3)
  A bullfrog skeleton (D:7)
  2 orc priests
  Crazy Yiuf (D:3)
  3 orc wizards
  A centaur skeleton (D:7)
  Ijyb (D:3)
  2 iguanas
  6 worker ants
  A hound zombie (D:5)
  4 hound skeletons
  A worker ant zombie (D:8)
  4 gnolls (D:7)
  9 adders
  An ooze (D:3)
  2 adder skeletons
  2 adder zombies
  2 worms
  3 dart slugs
  2 leopard geckos (D:3)
  10 orcs
  10 giant cockroaches
  3 hobgoblins
  5 jackals
  3 kobolds
  3 quokkas
  6 ball pythons
  10 bats
  2 frilled lizards
  9 goblins
  A leopard gecko skeleton (D:4)
  A leopard gecko zombie (D:7)
  A quokka skeleton (D:4)
  6 rats
150 creatures vanquished.

Notes
Turn   | Place    | Note
-------+----------+-------------------------------------------
     0 | D:1      | Tiagovsky the Draconian Fire Elementalist began the quest
                  | for the Orb.
     0 | D:1      | Reached XP level 1. HP: 14/14 MP: 3/3
   373 | D:1      | Reached skill level 1 in Fighting
   373 | D:1      | Reached XP level 2. HP: 23/23 MP: 0/5
  1115 | D:1      | Reached XP level 3. HP: 28/28 MP: 0/6
  1655 | D:2      | Learned a level 2 spell: Throw Flame
  1658 | D:2      | Noticed an angel
  1659 | D:2      | Found a glowing silver altar of Zin.
  1661 | D:2      | Found a shimmering altar of Xom.
  1894 | D:2      | Found a snail-covered altar of Cheibriados.
  2093 | D:3      | Found a runed door.
  2187 | D:3      | Noticed Grinder
  2205 | D:3      | Killed Grinder
  2205 | D:3      | Reached XP level 4. HP: 31/38 MP: 0/8
  2205 | D:3      | Reached XP level 5. HP: 37/45 MP: 0/9
  2276 | D:3      | Reached XP level 6. HP: 51/51 MP: 5/10
  2365 | D:3      | Found a faded altar of an unknown god.
  2419 | D:3      | Noticed Ijyb
  2841 | D:3      | Found an iron altar of Okawaru.
  2865 | D:3      | Found a snail-covered altar of Cheibriados.
  2866 | D:3      | Found a white marble altar of Elyvilon.
  2866 | D:3      | Found a hazy altar of Hepliaklqana.
  2868 | D:3      | Found a sacrificial altar of Ru.
  2872 | D:3      | Found an ornate altar of the Wu Jian Council.
  2872 | D:3      | Found a shadowy altar of Dithmenos.
  2910 | D:3      | Found an opulent altar of Gozag.
  3223 | D:3      | Killed Ijyb
  3333 | D:3      | Noticed Crazy Yiuf
  3336 | D:3      | Killed Crazy Yiuf
  4109 | D:4      | Found Pewuet Usiu's General Store.
  4171 | D:4      | Reached skill level 1 in Staves
  4171 | D:4      | Your scales start taking on a dull iron-grey colour.
  4171 | D:4      | Reached XP level 7. HP: 57/59 MP: 1/12
  4171 | D:4      | Gained mutation: You can survive without breathing. [Grey
                  | Draconian growth]
  4534 | D:4      | Found Mixkydip's Distillery.
  4540 | D:4      | Noticed Dowan
  4541 | D:4      | Noticed Duvessa
  4726 | D:4      | Reached skill level 5 in Fire Magic
  4979 | D:4      | Killed Dowan
  5093 | D:4      | Killed Duvessa
  5751 | D:5      | Entered Level 5 of the Dungeon
  5900 | D:5      | Learned a level 5 spell: Fireball
  5923 | D:5      | Reached XP level 8. HP: 67/67 MP: 7/14
  6174 | D:5      | Reached skill level 5 in Fighting
  6545 | D:5      | Got a translucent marble ring
  6546 | D:5      | Identified the ring "Ilaemax" {rC+ rN+ Int+3} (You found it
                  | on level 5 of the Dungeon)
  7018 | D:6      | Reached skill level 5 in Conjurations
  7054 | D:6      | Learned a level 3 spell: Conjure Flame
  7444 | D:6      | Learned a level 1 spell: Sandblast
  7447 | D:6      | Learned a level 2 spell: Passwall
  7455 | D:6      | Found a sparkling altar of Nemelex Xobeh.
  7552 | D:6      | Reached skill level 1 in Earth Magic
  7749 | D:6      | Found a staircase to the Ecumenical Temple.
  7758 | Temple   | Entered the Ecumenical Temple
  7976 | Temple   | Became a worshipper of Sif Muna the Loreminder
  8161 | D:7      | Reached skill level 5 in Spellcasting
  8370 | D:7      | Reached XP level 9. HP: 75/75 MP: 11/16
  8496 | D:7      | Paralysed by a centaur for 3 turns
  9215 | D:7      | Found Gemimpou's Weapon Shoppe.
  9607 | D:8      | Learned a level 3 spell: Stone Arrow
  9733 | D:8      | Reached * piety under Sif Muna
  9837 | D:8      | Reached skill level 5 in Staves
 10004 | D:8      | Noticed Erica
 10042 | D:8      | Killed from afar by Erica

Skill      XL: |  1  2  3  4  5  6  7  8  9 |
---------------+----------------------------+-----
Fighting       | 1 3 4 5 6 |  6.8
Conjurations   | 3 4 5 6 |  6.4
Fire Magic     | 4 5 6 |  6.0
Spellcasting   | 3 4 5 |  5.8
Staves         | 1 2 4 5 |  5.0
Earth Magic    | 1 4 |  4.1
Dodging        | |  1.7
Stealth        | |  1.7

Action                   |  1- 3 |  4- 6 |  7- 9 || total
-------------------------+-------+-------+-------++-------
Melee: Unarmed           |     1 |       |       ||     1
       Staff             |       |       |    15 ||    15
       Hunting sling     |       |       |     4 ||     4
       Tailslap          |       |       |     3 ||     3
 Fire: Hunting sling     |    44 |    60 |    88 ||   192
Throw: Stone             |       |       |     9 ||     9
 Cast: Flame Tongue      |    54 |    63 |   218 ||   335
       Throw Flame       |     1 |     1 |    57 ||    59
       Conjure Flame     |       |       |     2 ||     2
       Sandblast         |       |       |     6 ||     6
Invok: Divine Energy     |       |       |     1 ||     1
  Use: Scroll            |     5 |     2 |     7 ||    14
       Potion            |       |       |     1 ||     1
  Eat: Chunk             |     5 |     2 |     9 ||    16
       Ration            |       |     1 |     3 ||     4
Armor: Skin              |    10 |    13 |    77 ||   100
Dodge: Dodged            |    15 |    21 |    97 ||   133
